 Dungeon Crawl Stone Soup version 0.18.1-50-g88ac8fd (webtiles) character file.

6589 Drunkenshrew the Fighter (level 10, 0/73 HPs)
             Began as a High Elf Fighter on Sept 18, 2016.
             Was a High Priest of Okawaru.
             Slain by an orc warrior
             ... wielding a +0 trident
              (16 damage)
             ... on level 10 of the Dungeon.
             The game lasted 00:43:15 (9394 turns).

Drunkenshrew the Fighter (High Elf Fighter)         Turns: 9394, Time: 00:43:16

Health: 0/73       AC: 15    Str: 18    XL:     10   Next: 71%
Magic:  15/15      EV:  9    Int: 14    God:    Okawaru [*****.]
Gold:   572        SH: 12    Dex: 14    Spells: 0 memorised, 9 levels left

rFire  + . .     SeeInvis .     n - +1 long sword (slice)
rCold  . . .     Gourm    .     H - +0 chain mail
rNeg   . . .     Faith    .     c - +0 shield
rPois  .         Spirit   .     l - +0 helmet
rElec  .         Dismiss  .     I - +1 cloak
rCorr  .         Reflect  +     k - +0 pair of gloves
SustAt +         Harm     .     (no boots)
MR     +....                    G - +3 amulet of reflection
Stlth  ..........               Q - ring of protection from fire
                                t - ring of sustain attributes

@: somewhat resistant to hostile enchantments, extremely unstealthy
A: no striking features
a: Heroism, Finesse, Renounce Religion


You were on level 10 of the Dungeon.
You worshipped Okawaru.
Okawaru was extremely pleased with you.
You were not hungry.

You visited 2 branches of the dungeon, and saw 11 of its levels.
You also visited: Sewer.

You collected 572 gold pieces.

Inventory:

Hand Weapons
 a - a +0 rapier
 n - a +1 long sword of slicing (weapon)
 x - a +0 hand crossbow
 B - a +2 dagger of speed
 K - the +3 whip of a bazaar {speed, +Fly}
   (You found it on level 7 of the Dungeon)

   Attacks with this weapon are significantly faster.
   It lets you fly.
Missiles
 y - 95 bolts
 M - 6 silver tomahawks (quivered)
Armour
 c - a +0 shield (worn)
 k - a +0 pair of gloves (worn)
 l - a +0 helmet (worn)
 H - a +0 chain mail (worn)
 I - a +1 cloak (worn)
Jewellery
 i - a +2 ring of dexterity
 t - a ring of sustain attributes (left hand)
 A - an uncursed ring of protection from magic
 G - a +3 amulet of reflection (around neck)
 Q - a ring of protection from fire (right hand)
Wands
 b - a wand of enslavement (15/24)
 v - a wand of random effects (22/48)
 O - a wand of confusion (39/48)
 P - a wand of acid (8/15)
Scrolls
 e - a scroll of fear
 q - 3 scrolls of magic mapping
 z - 2 scrolls of remove curse
 F - 3 scrolls of teleportation
Potions
 d - a potion of ambrosia
 g - a potion of cure mutation {unknown}
 h - 3 potions of magic
 j - 3 potions of heal wounds
 m - 2 potions of degeneration {unknown}
 o - a potion of haste
 p - a potion of lignification
 r - 5 potions of curing
 s - a potion of invisibility {unknown}
 u - 2 potions of brilliance
 w - 6 potions of flight
 E - 2 potions of berserk rage
Books
 C - a book of Maledictions

   Spells                             Type                      Level
   a - Corona                         Hexes                        1
   b - Ensorcelled Hibernation        Hexes/Ice                    2
   c - Confuse                        Hexes                        3
   d - Tukima's Dance                 Hexes                        3
   e - Dazzling Spray                 Conjuration/Hexes            3
 J - a book of Summonings

   Spells                             Type                      Level
   a - Recall                         Summoning/Translocation      3
   b - Aura of Abjuration             Summoning                    5
   c - Summon Demon                   Summoning                    5
   d - Summon Forest                  Summoning/Translocation      5
   e - Summon Mana Viper              Hexes/Summoning              5
   f - Shadow Creatures               Summoning                    6
Miscellaneous
 L - a stone of tremors
Comestibles
 f - 6 bread rations
 D - 2 fruits
 N - 2 meat rations


   Skills:
 + Level 8.6 Fighting
 - Level 2.4(5.7) Short Blades
 + Level 8.1(8.3) Long Blades
 + Level 7.9 Armour
 + Level 7.5 Dodging
 + Level 4.2 Shields
 - Level 6.0 Invocations


You had 9 spell levels left.
You didn't know any spells.

Dungeon Overview and Level Annotations

Branches:
Dungeon (10/15)            Temple (0/1) D:6            Lair (1/8) D:8
    Orc (0/2) D:9

Altars:
Dithmenos
Elyvilon
Fedhas
Gozag
Kikubaaqudgha
Makhleb
Okawaru
Ru
Trog


Message History

The orc warrior hits you with a dire flail!
You slash the orc warrior!
The orc warrior is heavily wounded.
You block the orc's attack.
The orc warrior hits you but does no damage. x2
You closely miss the orc warrior.
The orc warrior is heavily wounded.
You block the orc's attack.
The orc warrior hits you but does no damage.
You block the orc warrior's attack.
You hit the orc warrior.
The orc warrior is severely wounded.
You block the orc's attack. You block the orc warrior's attack.
The orc warrior hits you with a dire flail!
* * * LOW HITPOINT WARNING * * *
Your shield and chain mail prevent you from hitting the orc warrior.
The orc warrior is severely wounded.
You block the orc's attack.
The orc warrior hits you from afar with a trident!
You die...

#..#
###'###
#.....#
#####.#
...#.#
###.#.#
#.....#
####)###
#.o@#
###o#


ooo# ooo.# ....$# .....$# .$.....# ....$...+ You could see 3 orc warriors and 5
orcs.

Vanquished Creatures
  The ghost of Drunkenshrew the Skirmisher, a novice HEFi of Gozag (D:6)
  Maurice (D:8)
  Sigmund (D:6)
  10 yaks
  A hungry ghost (D:8)
  The ghost of Drunkenshrew the Skirmisher, an amateur HEFi (D:4)
  A hippogriff (D:9)
  A water moccasin (D:7)
  3 orc warriors (D:10)
  2 sky beasts
  3 ice beasts
  4 ogres
  3 phantoms
  A wasp (D:8)
  2 centaurs
  A big kobold (Sewer)
  3 giant frogs
  A water moccasin zombie (D:9)
  3 scorpions
  4 howler monkeys (D:8)
  3 crimson imps
  A centaur zombie (D:9)
  4 hounds
  2 jellies
  15 orc wizards
  4 orc priests
  A centaur skeleton (D:4)
  Ijyb (D:2)
  2 iguanas
  8 worker ants
  Robin (D:2)
  A worker ant zombie (D:8)
  11 adders
  4 river rats (Sewer)
  A shadow imp (D:8)
  3 oozes
  An adder skeleton (D:5)
  3 worms (D:2)
  4 dart slugs
  5 giant geckos
  51 orcs
  5 giant cockroaches
  18 goblins
  11 hobgoblins
  7 jackals (D:1)
  2 quokkas
  7 ball pythons
  4 bats
  7 giant newts
  22 kobolds
  29 rats
  2 fungi (D:8)
287 creatures vanquished.

Notes
Turn   | Place    | Note
--------------------------------------------------------------
     0 | D:1      | Drunkenshrew the High Elf Fighter began the quest for the Orb.
     0 | D:1      | Reached XP level 1. HP: 16/16 MP: 2/2
   163 | D:1      | Reached XP level 2. HP: 17/21 MP: 3/3
   457 | D:1      | Reached XP level 3. HP: 17/26 MP: 4/4
   839 | D:2      | Noticed Ijyb
   848 | D:2      | Killed Ijyb
   877 | D:2      | Reached XP level 4. HP: 33/33 MP: 5/5
  1019 | D:2      | Noticed Robin
  1054 | D:2      | Killed Robin
  1706 | D:3      | Found a glowing drain.
  1717 | D:3      | Reached XP level 5. HP: 36/37 MP: 6/6
  1741 | Sewer    | Entered a sewer
  2167 | Sewer    | Reached skill level 5 in Fighting
  2167 | Sewer    | Reached skill level 5 in Armour
  2167 | Sewer    | Reached XP level 6. HP: 13/45 MP: 7/7
  3093 | D:3      | Found an iron altar of Okawaru.
  3110 | D:3      | Reached skill level 1 in Dodging
  3321 | D:3      | Became a worshipper of Warmaster Okawaru
  3349 | D:3      | Found an ancient bone altar of Kikubaaqudgha.
  3350 | D:3      | Found a sacrificial altar of Ru.
  3459 | D:4      | You fall through a shaft!
  3459 | D:5      | Entered Level 5 of the Dungeon
  3459 | D:5      | Noticed an ice beast
  3472 | D:5      | Killed an ice beast
  3472 | D:5      | Reached skill level 1 in Long Blades
  3692 | D:5      | Reached XP level 7. HP: 48/50 MP: 8/8
  3876 | D:4      | Noticed Drunkenshrew's ghost (amateur HEFi)
  3891 | D:4      | Killed Drunkenshrew's ghost
  3993 | D:4      | Reached * piety under Okawaru
  4437 | D:5      | Found a shadowy altar of Dithmenos.
  4446 | D:5      | Reached skill level 1 in Invocations
  4477 | D:5      | Reached XP level 8. HP: 47/57 MP: 8/10
  4895 | D:5      | Found an opulent altar of Gozag.
  5039 | D:5      | Reached ** piety under Okawaru
  5296 | D:6      | Noticed Sigmund
  5300 | D:6      | Noticed Drunkenshrew's ghost (novice HEFi)
  5307 | D:6      | Killed Drunkenshrew's ghost
  5307 | D:6      | Reached skill level 5 in Long Blades
  5309 | D:6      | Killed Sigmund
  5309 | D:6      | Reached XP level 9. HP: 32/63 MP: 10/12
  5690 | D:6      | Found a burning altar of Makhleb.
  5695 | D:6      | Found a blossoming altar of Fedhas.
  5704 | D:6      | Found a bloodstained altar of Trog.
  5748 | D:6      | Reached skill level 5 in Dodging
  5999 | D:6      | Reached *** piety under Okawaru
  6059 | D:6      | Found a staircase to the Ecumenical Temple.
  6568 | D:7      | Found a sacrificial altar of Ru.
  6684 | D:7      | Got a shimmering whip
  6686 | D:7      | Identified the +3 whip of a bazaar {speed, +Fly} (You found it on level 7 of the Dungeon)
  7528 | D:8      | Found a staircase to the Lair.
  7661 | D:8      | Reached skill level 5 in Invocations
  7850 | D:8      | Noticed Maurice
  7865 | D:8      | Killed Maurice
  7865 | D:8      | Reached **** piety under Okawaru
  7865 | D:8      | Reached XP level 10. HP: 67/72 MP: 11/14
  8107 | Lair:1   | Entered Level 1 of the Lair of Beasts
  8551 | D:9      | Found a staircase to the Orcish Mines.
  8617 | D:9      | Found a bloodstained altar of Trog.
  9151 | D:9      | Found a white marble altar of Elyvilon.
  9245 | D:10     | Entered Level 10 of the Dungeon
  9287 | D:10     | Reached ***** piety under Okawaru
  9394 | D:10     | Slain by an orc warrior

Skill      XL: |  1  2  3  4  5  6  7  8  9 10 |
---------------+-------------------------------+-----
Armour         | 3 4 5 6 7 |  7.9
Fighting       | 4 5 6 7 8 |  8.6
Dodging        | 1 3 4 6 7 |  7.5
Long Blades    | 1 3 5 6 8 |  8.1
Shields        | 3 4 |  4.2
Invocations    | 1 3 5 6 |  6.0
Short Blades   | |  2.4

Action                   |  1- 3 |  4- 6 |  7- 9 | 10-12 || total
-------------------------+-------+-------+-------+-------++-------
Melee: Rapier            |   119 |       |       |       ||   119
       Long sword        |     9 |   369 |   410 |   273 ||  1061
Invok: Heroism           |       |       |     1 |     2 ||     3
  Use: Scroll            |     1 |    12 |    10 |     2 ||    25
       Potion            |     1 |     1 |     4 |     4 ||    10
  Eat: Fruit             |       |     4 |     6 |     1 ||    11
       Beef jerky        |       |     1 |     1 |       ||     2
       Meat ration       |       |     1 |     2 |       ||     3
       Pizza             |       |       |     2 |       ||     2
       Bread ration      |       |       |       |     1 ||     1
Armor: Scale mail        |    57 |   249 |    77 |       ||   383
       Chain mail        |       |       |   115 |    92 ||   207
       Skin              |       |       |       |    20 ||    20
Dodge: Dodged            |    42 |   166 |   111 |    54 ||   373
Block: Shield            |    77 |   242 |   250 |   158 ||   727
       Reflection        |       |       |     4 |    11 ||    15
